 Dungeon Crawl Stone Soup version 0.31-a0-826-ga5cc291a1b (webtiles) character file.

Game seed: 3238692296089082784

793 qw the Skirmisher (level 7, -1/44 HPs)
             Began as a Gargoyle Hunter on Sept 23, 2023.
             Slain by a gnoll
             ... wielding a +0 spear
              (4 damage)
             ... on level 5 of the Dungeon.
             The game lasted 00:01:42 (4195 turns).

qw the Skirmisher (Gargoyle Hunter)                 Turns: 4195, Time: 00:01:43

Health: -1/44      AC: 13    Str: 14    XL:     7   Next: 88%
Magic:  7/7        EV: 12    Int: 10    God:
Gold:   191        SH:  0    Dex: 15    Spells: 6/6 levels left

rFire   + . .        Y - +1 shortbow
rCold   . . .        (shield currently unavailable)
rNeg    + . .        c - +0 steam dragon scales
rPois   inf          (no helmet)
rElec   +            (no cloak)
rCorr   .            f - +0 pair of gloves
SInv    .            m - +1 pair of boots
Will    +....        (no amulet)
Stlth   ++           b - ring of willpower
HPRegen 0.27/turn    k - ring of protection from fire
MPRegen 0.10/turn

%: no passive effects
@: no status effects
A: sickness immunity, AC +4, negative energy resistance 1, electricity
resistance, torment resistance 1, petrification resistance
a: no special abilities


You were on level 5 of the Dungeon.
You visited 2 branches of the dungeon, and saw 8 of its levels.

You collected 191 gold pieces.


Innate Abilities, Weirdness & Mutations

You are immune to sickness and miasma.
Your stone body is resilient. (AC +4)
You are immune to poison.
You resist negative energy. (rN+)
You are resistant to electric shocks. (rElec)
You are resistant to unholy torment.
You are immune to petrification.


   Skills:
 - Level 4.7 Fighting
 - Level 8.2 Ranged Weapons
 + Level 1.4 Armour
 - Level 2.2 Dodging
 - Level 1.1 Stealth


You had 6 spell levels left.
You didn't know any spells.
Your spell library was empty.

Inventory:

Hand Weapons
 Y - a +1 shortbow (weapon)
Armour
 c - +0 steam dragon scales (worn)
 f - a +0 pair of gloves (worn)
 m - a +1 pair of boots (worn)
Jewellery
 b - a ring of willpower (left hand)
 k - a ring of protection from fire (right hand)
Scrolls
 a - 2 scrolls of identify
Potions
 d - a potion of cancellation
 h - a potion of haste
 i - a potion of might
 j - a potion of mutation

Dungeon Overview and Level Annotations

Branches:
Dungeon (7/15)             Temple (1/1) D:7

Altars:
Cheibriados
Dithmenos
Elyvilon
Hepliaklqana
Kikubaaqudgha
Makhleb
Nemelex Xobeh
Qazlal
Vehumet
Wu Jian
Xom
Yredelemnul
Zin

Shops:
D:2 (   D:7 :

Annotations:
D:7 1 transporter


Message History

The black bear claws you but does no damage. x2
The gnoll hits you but does no damage.
You shoot an arrow. The arrow hits the black bear!
You kill the black bear!
The gnoll hits you but does no damage. The gnoll barely misses you.
Your Ranged Weapons skill increases to level 8!
You shoot an arrow. The arrow completely misses the gnoll.
The gnoll closely misses you. x2
The gnoll hits you from afar with a +0 spear.
You shoot an arrow. The arrow closely misses the gnoll.
The gnoll barely misses you.
The gnoll hits you from afar with a +0 spear.
The gnoll hits you but does no damage.
You shoot an arrow. The arrow hits the gnoll!
The gnoll is severely wounded.
The gnoll hits you but does no damage. The gnoll barely misses you.
You shoot an arrow. The arrow barely misses the gnoll.
The gnoll barely misses you.
The gnoll hits you from afar with a +0 halberd.
The gnoll hits you from afar with a +0 spear.
You shoot an arrow. The arrow hits the gnoll!
You kill the gnoll!
The gnoll hits you but does no damage. The gnoll barely misses you.
You shoot an arrow. The arrow hits the gnoll!
The gnoll is severely wounded.
The gnoll hits you but does no damage. The gnoll closely misses you.
You shoot an arrow. The arrow hits the gnoll.
You kill the gnoll!
The gnoll hits you but does no damage.
You shoot an arrow. The arrow hits the gnoll.
The gnoll is lightly wounded.
The gnoll hits you from afar with a +1 heavy spear.
The gnoll hits you but does no damage.
You shoot an arrow. The arrow hits the gnoll.
The gnoll is heavily wounded.
The gnoll hits you from afar with a +0 spear.
You shoot an arrow. The arrow barely misses the gnoll.
The gnoll misses you.
The gnoll hits you from afar with a +0 spear.
You die...

....
....
....
...#
#.o#
#gg##
#.)##
#@.#
##..#
...#
...#
....#
....#
.....
####..


You could see 2 gnolls and an orc.

Vanquished Creatures
  A steam dragon (D:7)
  Duvessa (D:4)
  A black bear (D:5)
  An ogre (D:7)
  A phantom (D:7)
  A bullfrog (D:6)
  Dowan (D:4)
  A sleepcap (D:4)
  An iguana (D:4)
  2 gnolls (D:5)
  7 adders
  A worm (D:3)
  A dart slug (D:3)
  7 orcs
  3 endoplasms
  4 giant cockroaches
  5 goblins
  5 hobgoblins
  6 quokkas
  8 ball pythons
  6 bats
  4 frilled lizards
  5 kobolds
  6 rats
79 creatures vanquished.

Notes
Turn   | Place    | Note
-------+----------+-------------------------------------------
     0 | D:1      | qw the Gargoyle Hunter began the quest for the Orb.
     0 | D:1      | Reached XP level 1. HP: 12/12 MP: 1/1
     0 | D:1      | 0 ||| qw: Version: 0.3-a-83-gcd0e7d8
     0 | D:1      | 0 ||| qw: Game counter: 1857
     0 | D:1      | 0 ||| qw: Melee chars always use a shield: true
     0 | D:1      | 0 ||| qw: God list: Okawaru
     0 | D:1      | 0 ||| qw: Allow faded altars: false
     0 | D:1      | 0 ||| qw: Do Orc after clearing Dungeon:15 true
     0 | D:1      | 0 ||| qw: Do second Lair branch before Depths: true
     0 | D:1      | 0 ||| qw: Lair rune preference: random
     0 | D:1      | 0 ||| qw: Goals: Normal
     0 | D:1      | 0 ||| PLANNING D:1-11
   217 | D:1      | Reached XP level 2. HP: 17/17 MP: 2/2
   582 | D:1      | Reached XP level 3. HP: 21/21 MP: 3/3
   650 | D:1      | 650 ||| UPGRADING to +0 ring mail.
   660 | D:1      | 660 ||| DROPPING +0 leather armour.
   661 | D:1      | 661 ||| READING 3 scrolls labelled EZIUHE CUHEOGI.
   662 | D:1      | 662 ||| READING scroll labelled UNUSICL HOIRUUC.
   663 | D:1      | 663 ||| READING scroll labelled DAQ ROR ECEPNA.
   664 | D:1      | 664 ||| READING scroll labelled LICRAE LATOUCE.
   765 | D:1      | 765 ||| READING scroll labelled ULYVUVE OPPUT.
   766 | D:1      | 766 ||| DRINKING 3 lumpy pink potions.
   767 | D:1      | 767 ||| DROPPING scroll of butterflies.
   768 | D:1      | 768 ||| DROPPING 2 potions of attraction.
   848 | D:2      | Found Hun Kogu's Antique Weapon Shop.
  1060 | D:2      | Reached skill level 1 in Armour
  1149 | D:2      | Reached skill level 5 in Ranged Weapons
  1414 | D:2      | Reached XP level 4. HP: 26/27 MP: 4/4
  1434 | D:2      | Reached skill level 3 in Fighting
  1634 | D:2      | 1634 ||| UPGRADING to ring of willpower.
  1635 | D:2      | 1635 ||| READING 4 scrolls of identify.
  1635 | D:2      | 1635 ||| IDENTIFYING green potion
  1636 | D:2      | 1636 ||| READING 3 scrolls of identify.
  1636 | D:2      | 1636 ||| IDENTIFYING dark potion
  1637 | D:2      | 1637 ||| DROPPING potion of berserk rage.
  1725 | D:3      | 1725 ||| FLEEEEING.
  1726 | D:3      | 1726 ||| FLEEEEING.
  1738 | D:3      | Found a shadowy altar of Dithmenos.
  2367 | D:3      | Reached XP level 5. HP: 26/32 MP: 5/5
  2492 | D:3      | 2492 ||| UPGRADING to +0 pair of gloves.
  2497 | D:3      | 2497 ||| READING scroll labelled IRAEMA QACAI.
  2498 | D:3      | 2498 ||| READING 2 scrolls labelled IVVIMA HOVIR.
  2499 | D:3      | 2499 ||| READING scroll labelled KEDUS YPARE.
  2502 | D:3      | 2502 ||| READING 5 scrolls of identify.
  2502 | D:3      | 2502 ||| IDENTIFYING ruby potion
  2503 | D:3      | 2503 ||| READING 4 scrolls of identify.
  2503 | D:3      | 2503 ||| IDENTIFYING glowing green potion
  2504 | D:3      | 2504 ||| DROPPING potion of ambrosia.
  2505 | D:3      | 2505 ||| DROPPING scroll of fog.
  2523 | D:4      | HP: 7/32 [iguana (10)]
  2524 | D:4      | 2524 ||| DRINKING potion of heal wounds.
  2798 | D:4      | Reached skill level 6 in Ranged Weapons
  3273 | D:4      | Noticed Dowan
  3274 | D:4      | Noticed Duvessa
  3275 | D:4      | 3275 ||| RETREEAATING.
  3280 | D:4      | 3280 ||| Stepping ~*~*~tactically~*~*~ (retreating).
  3285 | D:4      | HP: 8/32 [Duvessa/+0 short sword (6)]
  3286 | D:4      | 3286 ||| READING 2 scrolls of teleportation.
  3287 | D:4      | HP: 3/32 [Duvessa/+0 short sword (3)]
  3290 | D:4      | Killed Duvessa
  3291 | D:4      | Reached XP level 6. HP: 5/39 MP: 6/6
  3561 | D:4      | Killed Dowan
  3600 | D:4      | You fall into a shaft and drop 3 floors!
  3689 | D:7      | Noticed a steam dragon
  3693 | D:7      | 3693 ||| Stepping ~*~*~tactically~*~*~ (cloud).
  3693 | D:7      | Noticed a water moccasin
  3695 | D:7      | 3695 ||| RETREEAATING.
  3696 | D:7      | HP: 6/39 [steam dragon] (7)]
  3697 | D:7      | 3697 ||| READING scroll of teleportation.
  3698 | D:7      | 3698 ||| Stepping ~*~*~tactically~*~*~ (retreating).
  3796 | D:7      | 3796 ||| Stepping ~*~*~tactically~*~*~ (cloud).
  3796 | D:7      | Found a transporter.
  3797 | D:7      | 3797 ||| Stepping ~*~*~tactically~*~*~ (cloud).
  3798 | D:7      | Killed a steam dragon
  3799 | D:7      | Reached skill level 7 in Ranged Weapons
  3799 | D:7      | Reached XP level 7. HP: 28/44 MP: 7/7
  4028 | D:7      | 4028 ||| UPGRADING to +0 steam dragon scales.
  4038 | D:7      | 4038 ||| DROPPING +0 ring mail.
  4039 | D:7      | 4039 ||| UPGRADING to +1 pair of boots.
  4044 | D:7      | 4044 ||| UPGRADING to ring of protection from fire.
  4045 | D:7      | 4045 ||| READING scroll labelled RIECEU MUID.
  4046 | D:7      | 4046 ||| READING scroll labelled FAHAOW OTTEVUA.
  4047 | D:7      | 4047 ||| PLANNING TEMPLE
  4047 | D:7      | 4047 ||| DRINKING 2 murky coppery potions.
  4048 | D:7      | 4048 ||| READING 4 scrolls of identify.
  4048 | D:7      | 4048 ||| IDENTIFYING red potion
  4049 | D:7      | 4049 ||| READING 3 scrolls of identify.
  4049 | D:7      | 4049 ||| IDENTIFYING clear potion
  4082 | D:7      | Found a staircase to the Ecumenical Temple.
  4091 | Temple   | Entered the Ecumenical Temple
  4092 | Temple   | 4092 ||| PLANNING D:1-11
  4121 | D:7      | Found Oggagoq's Vocational Training.
  4172 | D:5      | Entered Level 5 of the Dungeon
  4186 | D:5      | Reached skill level 8 in Ranged Weapons
  4187 | D:5      | HP: 9/44 [gnoll/+0 spear (3)]
  4193 | D:5      | HP: 4/44 [gnoll/+1 heavy spear (2)]
  4195 | D:5      | Slain by a gnoll

Levels and vault maps discovered:
D:1:      roderic_crop_circles_arrival_small, layout_basic,
          minmay_misc_feat_pillars, st_stairs_3
D:2:      layout_basic, serial_shops, shop, st_stairs_7, minmay_tromino_v4_a
D:3:      layout_loops_ring, nicolae_dithmenos_shadow_blocks,
          nicolae_elevator_lobby_plus
D:4:      layout_layer_cave, minmay_misc_feat_room, uniq_duvessa
D:5:      layout_layer_cave, evilmike_ruin_ashenzari,
          nicolae_ru_the_path_less_chosen, roderic_three_in_a_row
D:6:      layout_loops_corners, nicolae_tso_carved_into_rock, fedhas_altar_2,
          okawaru_ov_weapons_minmay, minmay_misc_feat_more_columns,
          uniq_sigmund, uniq_eustachio, uniq_edmund
D:7:      layout_layer_cave, mainiacjoe_overflow_alcove_1, temple_hall,
          gammafunk_ghost_gnarly_gnolls, nicolae_shop_vocational
Temple:   nicolae_temple_ecumenical_triangle

Skill      XL: |  1  2  3  4  5  6  7 |
---------------+----------------------+-----
Armour         | 1 |  1.4
Ranged Weapons | 5 6 7 8 |  8.2
Fighting       | 3 4 |  4.7
Dodging        | 2 |  2.2
Stealth        | |  1.1

Action                     |  1- 3 |  4- 6 |  7- 9 || total
---------------------------+-------+-------+-------++-------
   Fire: Shortbow          |   116 |   163 |    39 ||   318
    Use: Scroll            |     5 |     9 |     4 ||    18
         Potion            |     1 |     1 |     1 ||     3
 Armour: Leather armour    |    37 |       |       ||    37
         Ring mail         |    12 |    82 |     4 ||    98
         Steam dragon scal |       |       |    46 ||    46
  Dodge: Dodged            |    51 |    50 |    33 ||   134

Table legend:
 A = Non-vault XP
 B = Vault XP
 C = Vault XP percentage of total XP
 D = Non-vault monster count
 E = Vault monster count
 F = Vault count percentage of total count
                 A         B        C        D         E       F
            +---------+---------+-------+---------+---------+-------
      Total |     903 |     230 |  20.3 |      72 |       7 |   8.9
            +---------+---------+-------+---------+---------+-------
        D:1 |      29 |       5 |  14.7 |      19 |       3 |  13.6
        D:2 |      59 |      14 |  19.2 |      16 |       2 |  11.1
        D:3 |      61 |       0 |   0.0 |      18 |       0 |   0.0
        D:4 |     110 |     211 |  65.7 |      12 |       2 |  14.3
        D:5 |     155 |       0 |   0.0 |       3 |       0 |   0.0
        D:6 |      85 |       0 |   0.0 |       1 |       0 |   0.0
        D:7 |     404 |       0 |   0.0 |       3 |       0 |   0.0
            +---------+---------+-------+---------+---------+-------
